 Dungeon Crawl Stone Soup version 0.27.1-33-g824d729ab1 (webtiles) character file.

Game seed: 4255719163134084079

56 Kaiern the Stinger (level 3, 0/20 HPs)
             Began as a Tengu Venom Mage on Nov 26, 2021.
             Slain by Jessica (1 damage)
             ... on level 2 of the Dungeon.
             The game lasted 00:11:43 (1859 turns).

Kaiern the Stinger (Tengu Venom Mage)               Turns: 1859, Time: 00:11:44

Health: 0/20       AC:  2    Str:  9    XL:     3   Next: 95%
Magic:  3/7        EV: 12    Int: 15    God:
Gold:   109        SH:  0    Dex: 14    Spells: 0/6 levels left

rFire    . . .     SeeInvis .   j - +0 short sword
rCold    . . .     Faith    .   (no shield)
rNeg     . . .     Spirit   .   a - +0 robe
rPois    .         Reflect  .   (helmet restricted)
rElec    .         Harm     .   (no cloak)
rCorr    .         Rampage  .   (no gloves)
Will     .....                  (boots unavailable)
Stlth    ++........             (no amulet)
HPRegen  0.06/turn              (no ring)
MPRegen  0.10/turn              (no ring)

@: no status effects
A: beak, talons 3
a: no special abilities


You were on level 2 of the Dungeon.
You visited 1 branch of the dungeon, and saw 3 of its levels.

You collected 109 gold pieces.

Inventory:

Hand Weapons
 j - a +0 short sword (weapon)
Missiles
 e - 10 bolts
 k - 10 poisoned darts
Armour
 a - a +0 robe (worn)
Scrolls
 c - 3 scrolls of identify {unknown}
 d - 2 scrolls of amnesia {unknown}
 h - a scroll of holy word {unknown}
 i - a scroll of teleportation {unknown}
Potions
 b - 2 potions of might {unknown}
 f - a potion of degeneration {unknown}
 g - a potion of heal wounds {unknown}
 l - a potion of lignification {unknown}


   Skills:
 + Level 1.3 Fighting
 + Level 1.1 Short Blades
 - Level 2.1 Dodging
 - Level 2.3 Stealth
 + Level 2.4 Spellcasting
 - Level 0.7 Transmutations
 * Level 3.5 Poison Magic


You couldn't memorise any spells.
You knew the following spells:

 Your Spells              Type           Power      Damage    Failure   Level
a - Sting                 Tmut/Pois      32%        1d4       9%          1
b - Poisonous Vapours     Pois/Air       14%        N/A       16%         2
c - Mephitic Cloud        Conj/Pois/Air  5%         N/A       36%         3

Your spell library contained the following spells:

 Spells                   Type           Power      Damage    Failure   Level
 Olgreb's Toxic Radiance  Pois           12%        N/A       43%         4


Dungeon Overview and Level Annotations

Branches:
Dungeon (3/15)

Altars:

Annotations:
D:2 Jessica


Innate Abilities, Weirdness & Mutations

You have a beak for a mouth.
You have claws for feet.


Message History

Jessica shouts!
There is an open door here.
Jessica hits you but does no damage.
Casting: Sting (safe; 9% risk of failure)
Confirm with . or Enter, or press ? or * to list all spells.
Aiming: Sting (safe; 9% risk of failure)
Press: ? - help, Shift-Dir - straight line, f - Jessica
Aim: Jessica, wielding a +0 dagger and wearing a +2 robe (68% to hit)
The sting hits Jessica but does no damage.
Jessica is poisoned.
Jessica barely misses you. Jessica hits you with a +0 dagger.
There is an open door here.
Casting: Sting (safe; 9% risk of failure)
Confirm with . or Enter, or press ? or * to list all spells.
Aiming: Sting (safe; 9% risk of failure)
Press: ? - help, Shift-Dir - straight line, f/p - Jessica
Aim: Jessica, wielding a +0 dagger and wearing a +2 robe (moderately wounded, poisoned, 68% to hit)
The sting misses Jessica.
Jessica hits you with a +0 dagger.
Casting: Sting (safe; 9% risk of failure)
Confirm with . or Enter, or press ? or * to list all spells.
Aiming: Poisonous Vapours (safe; 16% risk of failure)
Press: ? - help, Dir - move target, f/p - Jessica
Aim: Jessica, wielding a +0 dagger and wearing a +2 robe (heavily wounded, poisoned) Poisonous vapours surround Jessica!
Jessica looks even sicker.
Jessica hits you with a +0 dagger!
You hit Jessica. Your kick misses Jessica.
Jessica is severely wounded.
Jessica closely misses you.
You barely miss Jessica.
Jessica is severely wounded.
Jessica barely misses you.
You hit Jessica but do no damage. Your kick misses Jessica.
Jessica is severely wounded.
Jessica gestures wildly.
Jessica hits you with a +0 dagger.
* * * LOW HITPOINT WARNING * * *
You hit Jessica but do no damage.
Jessica is severely wounded.
Jessica hits you with a +0 dagger.
You die...

#########
#.......# ##
###### #.......#
#. #..?.#
#.......# #.
#....####.......##
#.
+...@@...........#
#.
#$...####........#
#. #....#
#........# #.
#....#
########.####.
+.....
.............
#....#
########..##.
#....# ##.##.
#.... #.##. #.###


You could see Jessica (poisoned).

Vanquished Creatures
  3 adders (D:2)
  2 dart slugs (D:1)
  2 bats (D:1)
  An endoplasm (D:2)
  A giant cockroach (D:2)
  2 goblins
  2 jackals (D:2)
  A kobold (D:1)
  3 quokkas
  3 ball pythons
  2 frilled lizards
  2 rats (D:1)
24 creatures vanquished.

Notes
Turn   | Place    | Note
-------+----------+-------------------------------------------
     0 | D:1      | Kaiern the Tengu Venom Mage began the quest for the Orb.
     0 | D:1      | Reached XP level 1. HP: 10/10 MP: 4/4
   509 | D:1      | Reached XP level 2. HP: 16/16 MP: 3/6
   817 | D:1      | Learned a level 2 spell: Poisonous Vapours
  1137 | D:2      | Reached skill level 1 in Fighting
  1137 | D:2      | Reached XP level 3. HP: 20/20 MP: 3/7
  1347 | D:2      | Learned a level 3 spell: Mephitic Cloud
  1685 | D:2      | Reached skill level 1 in Short Blades
  1850 | D:2      | Noticed Jessica
  1858 | D:2      | HP: 1/20 [Jessica (6)]
  1859 | D:2      | Slain by Jessica

Illustrated notes

Levels and vault maps discovered:
D:1:      lemuel_arrival_river_bridge, layout_basic, minmay_misc_feat_five
D:2:      layout_basic, chequers_ecumenical_altar_simple, grunt_ministairs_6,
          palyth_stone_intersect, uniq_jessica, uniq_sigmund
D:3:      layout_basic, worldfamousw_hep_ancestral_shrine

Skill      XL: |  1  2  3 |
---------------+----------+-----
Fighting       | 1 |  1.3
Short Blades   | 1 |  1.1
Dodging        | |  2.1
Stealth        | |  2.3
Spellcasting   | |  2.4
Transmutations | |  0.7
Poison Magic   | |  3.5

Action                   || total
-------------------------++-------
Melee: Dagger            ||     1
       Short sword       ||    19
       Kick              ||     4
       Peck              ||     2
 Cast: Sting             ||    29
       Poisonous Vapours ||     8
 Stab: Sleeping          ||     2
Armor: Robe              ||     6
Dodge: Dodged            ||    13
